 Dungeon Crawl Stone Soup version 0.26-a0-712-ga5a9c9c9d0 (webtiles) character file.

Game seed: 1965457345856198182

16790 kae the Transmogrifier (level 12, -1/109 HPs)
             Began as a Naga Transmuter on Nov 3, 2020.
             Was the Champion of Cheibriados.
             Slain by a frost giant
             ... wielding a +0 battleaxe of freezing
              (4 damage)
             ... in an ice cave.
             The game lasted 00:17:04 (15660 turns).

kae the Transmogrifier (Naga Transmuter)           Turns: 15660, Time: 00:17:04

Health: -1/109     AC: 12    Str: 32    XL:     12   Next: 41%
Magic:  15/18      EV: 17    Int: 29    God:    Cheibriados [******]
Gold:   585        SH:  0    Dex: 27    Spells: 6/19 levels left

rFire    . . .     SeeInvis +     - Unarmed
rCold    . . .     Faith    .   (shield currently unavailable)
rNeg     . . .     Spirit   .   a - +1 robe
rPois    +         Reflect  .   D - +2 hat
rElec    .         Harm     .   (no cloak)
rCorr    .         Rampage  .   (gloves currently unavailable)
MR       +....                  (no barding)
Stlth    +++++.....             o - amulet of magic regeneration
HPRegen  0.28/turn              q - +4 ring of protection
MPRegen  0.41/turn              x - ring of wizardry

@: blade hands, very slightly contaminated, invisible, very slow
A: large, see invisible, deformed body, poison resistance, slowness 2, spit
poison 1, AC +4
a: Spit Poison, End Transformation, Bend Time, Temporal Distortion, Slouch, Step
From Time, Renounce Religion


You were in an ice cave.
You worshipped Cheibriados.
Cheibriados was exalted by your worship.
You had blades for hands.
You visited 2 branches of the dungeon, and saw 12 of its levels.
You also visited: Ice Cave.

You collected 680 gold pieces.
You spent 95 gold pieces at shops.

Inventory:

Armour
 a - a +1 robe (worn)
 D - a +2 hat (worn)
Jewellery
 o - an amulet of magic regeneration (around neck)
 p - an uncursed ring of magical power
 q - a +4 ring of protection (left scythe-like blade)
 x - a ring of wizardry (right scythe-like blade)
 y - an uncursed ring of magical power
Wands
 k - a wand of digging (3)
 u - a wand of acid (9)
 z - a wand of paralysis (5)
 B - a wand of flame (5)
 E - a wand of iceblast (16)
Scrolls
 b - 2 scrolls of identify
 c - a scroll of magic mapping
 f - a scroll of fear
 g - 11 scrolls of teleportation
 i - 5 scrolls of remove curse
 j - a scroll of enchant armour
 r - 2 scrolls of fog
 A - 2 scrolls of amnesia
 C - 3 scrolls of enchant weapon
Potions
 e - 2 potions of might
 h - 7 potions of curing
 l - 5 potions of haste
 m - 3 potions of mutation
 n - a potion of lignification
 s - a potion of flight
 t - 3 potions of brilliance
 v - 2 potions of resistance
 w - a potion of magic
 F - a potion of heal wounds


   Skills:
 + Level 7.2 Fighting
 + Level 3.1 Armour
 + Level 7.8 Dodging
 - Level 9.0 Stealth
 - Level 8.3 Unarmed Combat
 - Level 4.0 Spellcasting
 - Level 11.0 Transmutations
 - Level 2.0 Ice Magic
 - Level 3.0 Poison Magic
 + Level 4.2 Invocations


You had 6 spell levels left.
You knew the following spells:

 Your Spells              Type           Power        Failure   Level
a - Beastly Appendage     Tmut           ######       2%          1
b - Spider Form           Tmut/Pois      #####.....   6%          3
c - Blade Hands           Tmut           ######....   9%          5
d - Ice Form              Ice/Tmut       #####...     13%         4

Your spell library contained the following spells:

 Spells                   Type           Power        Failure   Level
 Wereblood                Tmut           ######..     2%          2
 Shock                    Conj/Air       #...         16%         1
 Swiftness                Air            #.......     21%         2
 Static Discharge         Conj/Air       #.......     32%         3
 Yara's Violent Unravell  Hex/Tmut       #####.....   32%         5
 Airstrike                Air            #.........   58%         4
 Cause Fear               Hex            #.........   58%         4
 Lightning Bolt           Conj/Air       #.........   85%         5
 Silence                  Hex/Air        #.........   85%         5
 Discord                  Hex            #.........   100%        8


Dungeon Overview and Level Annotations

Branches:
Dungeon (11/15)            Temple (1/1) D:6            Lair (0/6) D:9
  IceCv (1/1)
    Orc: D:9-12

Altars:
Ashenzari
Cheibriados
Dithmenos
Elyvilon
Fedhas
Gozag
Hepliaklqana
Kikubaaqudgha
Makhleb
Nemelex Xobeh
Okawaru
Qazlal
Ru
Sif Muna
Trog
Uskayaw
Vehumet
Wu Jian
Xom
Yredelemnul
Zin
The Shining One

Shops:
D:5 *   D:6 *   D:7 !   D:8 (

Annotations:
D:3 3 runed translucent doors, Bliebski's ghost, weakling OpTm; Ronin1791's ghost, amateur HOFi; Sassenached's ghost, weakling BaWn; grimjagger06's ghost, amateur GnWn
D:8 2 transporters, exclusion: orange crystal statue


Innate Abilities, Weirdness & Mutations

You cannot wear boots.
Your serpentine skin is tough. (AC +4)
You have supernaturally acute eyesight. (SInv)
Armour fits poorly on your strangely shaped body.
Your system is resistant to poisons. (rPois)
You cover ground very slowly.
You can spit poison.


Message History

Your hands turn into razor-sharp scythe blades.
The polar bear growls angrily.
The yak bellows!
You hear a bellow!
The frost giant shouts!
The death yak bellows!
The polar bear growls angrily. x2
The yak bellows!
A yak comes into view.
The frost giant points at you and mumbles some strange words.
The bolt of cold hits you!!
You hear an angry growl. x2; You hear a bellow!
You shred the frost giant!!!
The frost giant is heavily wounded.
The frost giant casts a spell at you. The bolt of cold hits you!!
You hear an angry growl.
You slice the frost giant!!
The frost giant is severely wounded.
You hear a bellow!
The frost giant hits you with a +0 battleaxe of freezing!!!
* * * LOW HITPOINT WARNING * * *
The frost giant freezes you.
You die...

#.###..####.##
##..#
#..###⌠.#
#..###..##
##.##...#
##..#...#
#...#..#
#.....##
##..#.##
##....#
#####.##
##..## ##.##.#
#..# #YC#.##
#.####
#...h.Y#@##
##.#.##
=$#.hYY#.#
##.#.#
#..Y#### ##.##
##.# ### ##


You could see a frost giant and a yak (wandering).

Vanquished Creatures
  2 two-headed ogres
  A death yak (IceCv)
  A manticore (D:11)
  Psyche (D:7)
  An ice statue (IceCv)
  Maggie (D:9)
  2 trolls
  Prince Ribbit (D:7)
  14 polar bears (IceCv)
  24 yaks
  Grum (D:8)
  2 steam dragons (D:9)
  An ice beast (D:5)
  A sky beast (D:5)
  6 orc warriors
  4 phantoms
  3 centaurs
  17 wolves
  4 ogres
  7 bullfrogs
  A gnoll sergeant (D:9)
  A wyvern skeleton (D:7)
  6 scorpions
  5 killer bees
  10 wights
  A jelly (D:7)
  A howler monkey (D:9)
  A bullfrog zombie (D:8)
  A quasit (D:6)
  3 bullfrog skeletons
  5 hounds
  4 orc priests
  12 orc wizards
  8 iguanas
  11 worker ants
  A killer bee zombie (D:9)
  2 hound zombies (D:10)
  A howler monkey zombie (D:4)
  7 gnolls
  12 adders
  A shadow imp (D:5)
  A white imp (D:8)
  An ufetubus (D:5)
  3 oozes
  An adder zombie (D:6)
  2 adder skeletons
  2 worms (D:2)
  5 dart slugs
  7 leopard geckos
  36 orcs
  2 ball pythons (D:3)
  7 bats
  3 giant cockroaches
  10 goblins
  9 hobgoblins
  21 jackals
  3 quokkas
  6 frilled lizards
  A jackal skeleton (D:4)
  A jackal zombie (D:5)
  8 kobolds
  6 rats
323 creatures vanquished.

Vanquished Creatures (others)
  2 withered plants (D:3)
2 creatures vanquished.

Grand Total: 325 creatures vanquished

Notes
Turn   | Place    | Note
-------+----------+-------------------------------------------
     0 | D:1      | kae the Naga Transmuter began the quest for the Orb.
     0 | D:1      | Reached XP level 1. HP: 18/18 MP: 3/3
   122 | D:1      | Reached XP level 2. HP: 24/25 MP: 3/5
   923 | D:1      | Reached skill level 3 in Transmutations
   923 | D:1      | Reached XP level 3. HP: 31/31 MP: 4/6
   928 | D:1      | Learned a level 3 spell: Spider Form
  1541 | D:1      | Reached skill level 1 in Poison Magic
  1908 | D:2      | Reached XP level 4. HP: 21/38 MP: 7/7
  2604 | D:2      | Found a hazy altar of Hepliaklqana.
  2820 | D:2      | Reached XP level 5. HP: 40/44 MP: 6/8
  3790 | D:3      | Found a runed translucent gate.
  3792 | D:3      | Reached skill level 4 in Transmutations
  3816 | D:3      | Found a runed translucent gate.
  3817 | D:3      | Found a runed translucent gate.
  3818 | D:3      | Noticed Bliebski's ghost (weakling OpTm)
  3819 | D:3      | Noticed Sassenached's ghost (weakling BaWn)
  3819 | D:3      | Noticed grimjagger06's ghost (amateur GnWn)
  3819 | D:3      | Noticed Ronin1791's ghost (amateur HOFi)
  4230 | D:4      | Noticed an ogre
  4391 | D:4      | Killed an ogre
  4391 | D:4      | Reached XP level 6. HP: 33/51 MP: 3/9
  4467 | D:4      | Reached skill level 5 in Transmutations
  4590 | D:4      | Found an opulent altar of Gozag.
  5088 | D:5      | Entered Level 5 of the Dungeon
  5093 | D:5      | Noticed a sky beast
  5097 | D:5      | Reached XP level 7. HP: 57/57 MP: 6/10
  5109 | D:5      | Reached skill level 5 in Unarmed Combat
  5109 | D:5      | Reached skill level 6 in Transmutations
  5490 | D:5      | Found Roseserph's Lightly-Used Armoury.
  5700 | D:5      | Reached skill level 7 in Transmutations
  5700 | D:5      | Reached XP level 8. HP: 44/64 MP: 11/11
  5906 | D:6      | Found a staircase to the Ecumenical Temple.
  5955 | Temple   | Entered the Ecumenical Temple
  6228 | Temple   | Became a worshipper of Cheibriados the Contemplative
  6548 | D:6      | Reached skill level 8 in Transmutations
  6674 | D:6      | Found a bloodstained altar of Trog.
  7066 | D:6      | Found Ogaoshate's Assorted Antiques.
  7073 | D:6      | Bought a scroll labeled KYJIYC BABIMM for 29 gold pieces
  7073 | D:6      | Bought a scroll labeled ZEVIAMM HEHALI for 29 gold pieces
  7073 | D:6      | Bought a murky white potion for 26 gold pieces
  7632 | D:7      | Learned a level 5 spell: Blade Hands
  7635 | D:7      | Reached skill level 9 in Transmutations
  7647 | D:7      | Reached XP level 9. HP: 53/70 MP: 12/12
  7799 | D:7      | Found Hidweder's Distillery.
  7807 | D:7      | Reached * piety under Cheibriados
  7929 | D:7      | Bought a potion of degeneration for 11 gold pieces
  8685 | D:8      | Noticed Prince Ribbit
  8703 | D:7      | Killed Prince Ribbit
  8703 | D:7      | Reached skill level 10 in Transmutations
  8912 | D:7      | Reached ** piety under Cheibriados
  9140 | D:8      | Noticed a two-headed ogre
  9147 | D:8      | Killed a two-headed ogre
  9147 | D:8      | Reached skill level 11 in Transmutations
  9317 | D:8      | Reached XP level 10. HP: 70/79 MP: 13/13
  9443 | D:8      | Noticed Grum
  9628 | D:8      | Found a transporter.
  9628 | D:8      | Noticed Psyche
  9641 | D:7      | Killed Psyche
  9875 | D:8      | Noticed a two-headed ogre
  9877 | D:8      | Noticed a salamander
  9895 | D:8      | Found Iluceuso's Weapon Shoppe.
 10084 | D:8      | Found a transporter.
 10085 | D:8      | Noticed an unseen horror
 10086 | D:8      | Noticed a centaur warrior
 10087 | D:8      | Noticed an orange crystal statue
 10104 | D:8      | Noticed a manticore
 10104 | D:8      | a snapping turtle changed into a manticore
 10112 | D:8      | Noticed a deep troll
 10112 | D:8      | a manticore changed into a deep troll
 10208 | D:8      | Reached skill level 5 in Fighting
 10210 | D:8      | Killed Grum
 10593 | D:8      | Reached *** piety under Cheibriados
 11134 | D:9      | Reached **** piety under Cheibriados
 11172 | D:9      | Reached skill level 5 in Dodging
 11861 | D:9      | Found a staircase to the Lair.
 12003 | D:9      | Noticed Maggie
 12010 | D:9      | Killed Maggie
 12010 | D:9      | Reached XP level 11. HP: 61/97 MP: 10/14
 12355 | D:10     | Entered Level 10 of the Dungeon
 12599 | D:10     | Reached ***** piety under Cheibriados
 13580 | D:10     | Noticed a two-headed ogre
 13586 | D:10     | Killed a two-headed ogre
 13850 | D:11     | Noticed a manticore
 13860 | D:11     | Killed a manticore
 13943 | D:11     | Reached skill level 5 in Stealth
 13968 | D:11     | Found a frozen archway.
 13980 | D:11     | Learned a level 4 spell: Ice Form
 13981 | IceCv    | Entered an ice cave
 14265 | IceCv    | Reached skill level 1 in Ice Magic
 14414 | IceCv    | Noticed a death yak
 14444 | IceCv    | Killed a death yak
 14825 | IceCv    | Reached skill level 1 in Invocations
 14827 | IceCv    | Reached skill level 1 in Armour
 14840 | IceCv    | Reached XP level 12. HP: 70/106 MP: 18/18
 15219 | IceCv    | Reached ****** piety under Cheibriados
 15654 | IceCv    | Noticed a frost giant
 15654 | IceCv    | Noticed a death yak
 15660 | IceCv    | HP: 3/109 [frost giant/+0 battleaxe of freezing (38)]
 15660 | IceCv    | Slain by a frost giant

Illustrated notes

Levels and vault maps discovered:
D:1:      lightli_arrival_lavapool, layout_loops_cross, serial_rivers,
          chequers_serial_rivers_micro_d, chequers_serial_rivers_micro_e,
          chequers_serial_rivers_large_a, chequers_serial_rivers_micro_e
D:2:      layout_rooms, overflow_temple_1_default
D:3:      layout_basic, gammafunk_ghost_cemetery
D:4:      layout_rooms, grunt_gozag_breadcrumbs
D:5:      layout_cave_pools, minmay_shop_damaged, minmay_ogre_servants
D:6:      layout_loops_corners, minmay_temple_entry_glass, serial_shops,
          shop_statue, trog_butcher_becter
D:7:      layout_basic, serial_shops, shop
D:8:      gammafunk_sealed_arena, layout_basic, serial_shops, shop, uniq_grum,
          uniq_prince_ribbit1, uniq_psyche
D:9:      cheibrodos_steamvent, layout_cave_pods, lair_entry_dummy, uniq_maggie
D:10:     minmay_thinvault, layout_irregular_city, item_on_display_a
D:11:     layout_loops_cross, portal_ice_cave_entry_pillars_1, basic_altar,
          minivault_16
Temple:   minmay_crystal_snake_temple
IceCv:    ice_cave_caverns_01

Skill      XL: |  1  2  3  4  5  6  7  8  9 10 11 12 |
---------------+-------------------------------------+-----
Transmutations | 3 4 5 7 9 11 | 11.0
Poison Magic   | 1 2 3 |  3.0
Unarmed Combat | 4 5 6 8 |  8.3
Fighting       | 6 7 |  7.2
Dodging        | 6 7 |  7.8
Spellcasting   | 4 |  4.0
Stealth        | 9 |  9.0
Ice Magic      | 2 |  2.0
Invocations    | 2 4 |  4.2
Armour         | 1 3 |  3.1

Action                   |  1- 3 |  4- 6 |  7- 9 | 10-12 || total
-------------------------+-------+-------+-------+-------++-------
Melee: Unarmed           |    75 |   200 |   270 |   384 ||   929
       Headbutt          |     7 |     6 |       |       ||    13
       Punch             |       |     1 |     2 |    15 ||    18
 Cast: Beastly Appendage |    19 |    10 |       |       ||    29
       Spider Form       |     1 |    23 |    33 |     2 ||    59
       Blade Hands       |       |       |     6 |    48 ||    54
       Ice Form          |       |       |       |     1 ||     1
 Abil: Spit Poison       |     4 |     2 |     5 |     7 ||    18
Evoke: Wand              |       |       |     1 |     3 ||     4
  Use: Potion            |     2 |       |     1 |     4 ||     7
       Scroll            |       |    14 |     7 |     8 ||    29
 Stab: Sleeping          |       |     1 |     1 |     1 ||     3
       Invisible         |       |       |       |     2 ||     2
Armor: Robe              |    24 |    25 |    25 |   123 ||   197
       Skin              |     5 |    15 |    39 |     4 ||    63
Dodge: Dodged            |    76 |   186 |   225 |   313 ||   800

Table legend: (Time is in decaauts)
 A = Elapsed time spent in this place.
 B = Non-inter-level travel time spent in this place.
 C = Inter-level travel time spent in this place.
 D = Time resting spent in this place.
 E = Time spent auto-exploring this place.
 F = Levels seen in this place.
 G = Mean time per level.
                   A        B        C        D        E       F      G
               +--------+--------+--------+--------+--------+-----+--------+
         Total |  21149 |  20180 |    969 |   1957 |  15687 |  13 | 1626.8 |
       Dungeon |  18562 |  17652 |    910 |   1307 |  14220 |  11 | 1687.5 |
        Temple |    381 |    323 |     58 |      0 |    319 |   1 |  381.0 |
      Ice Cave |   2206 |   2206 |      0 |    649 |   1147 |   1 | 2206.0 |
               +--------+--------+--------+--------+--------+-----+--------+

Top non-repeatable levels by time:
     D:9: 2756 daAuts
    D:10: 2550 daAuts
   IceCv: 2206 daAuts
     D:8: 2180 daAuts
     D:7: 2158 daAuts
     D:1: 2060 daAuts
     D:6: 1736 daAuts
     D:3: 1695 daAuts
     D:2: 1274 daAuts
     D:5: 936 daAuts
     D:4: 895 daAuts
  Temple: 381 daAuts
    D:11: 318 daAuts
